 Dungeon Crawl Stone Soup version 0.27-a0-1065-ge809cff456 (webtiles) character file.

Game seed: 8062481454700919701

345 DarkShadow the Covered (level 6, -9/53 HPs)
             Began as a Minotaur Fighter on Apr 22, 2021.
             Killed by nerve-wracking pain
             ... invoked by Menkaure
              (12 damage)
             ... on level 4 of the Dungeon.
             The game lasted 00:05:43 (3515 turns).

DarkShadow the Covered (Minotaur Fighter)           Turns: 3515, Time: 00:05:44

Health: -9/53      AC:  9    Str: 23    XL:     6   Next: 32%
Magic:  5/5        EV:  7    Int:  5    God:
Gold:   153        SH: 10    Dex:  9    Spells: 5/5 levels left

rFire    . . .     SeeInvis .   a - +0 long sword
rCold    . . .     Faith    .   c - +0 kite shield
rNeg     . . .     Spirit   .   b - +0 scale mail
rPois    .         Reflect  .   (helmet restricted)
rElec    .         Harm     .   (no cloak)
rCorr    +         Rampage  .   (no gloves)
Will     .....                  g - +1 pair of boots
Stlth    ..........             (no amulet)
HPRegen  0.17/turn              f - ring of resist corrosion
MPRegen  0.09/turn              (no ring)

@: no status effects
A: horns 2, retaliatory headbutt
a: no special abilities


You were on level 4 of the Dungeon.
You visited 1 branch of the dungeon, and saw 4 of its levels.

You collected 153 gold pieces.

Inventory:

Hand Weapons
 a - a +0 long sword (weapon)
Armour
 b - a +0 scale mail (worn)
 c - a +0 kite shield (worn)
 g - a +1 pair of boots (worn)
Jewellery
 f - a ring of resist corrosion (left hand)
Scrolls
 e - a scroll of noise {unknown}
 i - a scroll of amnesia {unknown}
Potions
 k - a potion of brilliance {unknown}


   Skills:
 + Level 4.7 Fighting
 + Level 5.2 Long Blades
 + Level 5.4 Armour
 + Level 5.0 Shields


You had 5 spell levels left.
You didn't know any spells.
Your spell library was empty.

Dungeon Overview and Level Annotations

Branches:
Dungeon (4/15)
 Temple: D:4-7

Altars:
Ashenzari
Hepliaklqana
Qazlal
Xom

Annotations:
D:4 Menkaure


Innate Abilities, Weirdness & Mutations

You have a pair of horns on your head.
You reflexively headbutt those who attack you in melee.


Message History

Your headbutt misses the orc warrior.
The orc warrior is heavily wounded.
The orc warrior barely misses you.
You riposte.
You hit the orc warrior but do no damage.
You headbutt the orc warrior, but do no damage.
The orc warrior is heavily wounded.
Okay, then.
Okay, then.
You slash the orc warrior!
The orc warrior is severely wounded.
The orc warrior barely misses you.
You riposte.
You barely miss the orc warrior.
You headbutt the orc warrior, but do no damage.
The orc warrior is severely wounded.
You block the orc warrior's attack.
You closely miss the orc warrior. You headbutt the orc warrior.
The orc warrior is almost dead.
The orc warrior barely misses you.
You barely miss the orc warrior.
The orc warrior is almost dead.
The orc warrior hits you with a +0 hand axe.
Menkaure casts a spell.
Menkaure seems to speed up.
You barely miss the orc warrior. You headbutt the orc warrior.
You kill the orc warrior!
You block Menkaure's attack.
Your Shields skill increases to level 5!
You closely miss Menkaure. Menkaure hits you!
* * * LOW HITPOINT WARNING * * *
Your scale mail prevents you from hitting Menkaure.
Menkaure hits you.
* * * LOW HITPOINT WARNING * * *
Menkaure calls on the powers of darkness!
The orc priest convulses!
Your body is wracked with pain!
* * * LOW HITPOINT WARNING * * *
You hit Menkaure but do no damage. Your headbutt misses Menkaure.
Menkaure closely misses you. Menkaure casts a spell at you.
Pain shoots through your body!
You die...

#.#<#.#
#.#.#.#
#.#.#.#
#.#)#.#
##'#.#.#
####......#
#..'...####
#.##...#
#@##...#
#M######
.o# ....
.#### .. ≈≈
≈≈


You could see Menkaure (fast) and an orc priest.

Vanquished Creatures
  An orc warrior (D:4)
  A water moccasin (D:3)
  Terence (D:3)
  An orc wizard (D:4)
  A howler monkey zombie (D:3)
  4 adders
  3 worms (D:2)
  4 dart slugs
  4 orcs
  5 ball pythons
  6 endoplasms
  A giant cockroach (D:1)
  5 hobgoblins
  7 jackals
  5 kobolds
  3 bats
  2 frilled lizards
  9 goblins
  5 rats
68 creatures vanquished.

Notes
Turn   | Place    | Note
-------+----------+-------------------------------------------
     0 | D:1      | DarkShadow the Minotaur Fighter began the quest for the
                  | Orb.
     0 | D:1      | Reached XP level 1. HP: 19/19 MP: 0/0
   171 | D:1      | Reached XP level 2. HP: 20/27 MP: 1/1
   673 | D:1      | Reached XP level 3. HP: 31/33 MP: 2/2
  1626 | D:2      | Found a hazy altar of Hepliaklqana.
  1928 | D:2      | Reached XP level 4. HP: 34/40 MP: 3/3
  1991 | D:2      | Found a faded altar of an unknown god.
  2511 | D:3      | Found a shimmering altar of Xom.
  2511 | D:3      | Found a hazy altar of Hepliaklqana.
  2542 | D:3      | Found a stormy altar of Qazlal.
  2609 | D:3      | Found a broken altar of Ashenzari.
  2808 | D:3      | Noticed Terence
  2817 | D:3      | Killed Terence
  2818 | D:3      | Reached XP level 5. HP: 46/47 MP: 4/4
  3090 | D:3      | Noticed a water moccasin
  3114 | D:3      | Killed a water moccasin
  3115 | D:3      | Reached skill level 5 in Armour
  3500 | D:4      | Noticed an orc warrior
  3501 | D:4      | Reached skill level 5 in Long Blades
  3501 | D:4      | Reached XP level 6. HP: 53/53 MP: 5/5
  3503 | D:4      | Noticed Menkaure
  3512 | D:4      | Killed an orc warrior
  3513 | D:4      | Reached skill level 5 in Shields
  3515 | D:4      | Killed from afar by Menkaure

Illustrated notes

Levels and vault maps discovered:
D:1:      minmay_arrival_wavy_path, layout_loops_corners,
          serial_co_window_serial, co_window_of_opportunity_a,
          co_window_corner_a, co_window_cross_1, co_window_paths_a,
          co_window_of_opportunity_a, co_window_paths_c, co_window_corner_ca,
          co_window_corner_ca, co_window_of_opportunity_b, co_window_2corner,
          co_window_unsneaky_path_a, co_window_4corner_a, glass_columns_a,
          glass_columns_b, glass_columns_b, glass_columns_b
D:2:      layout_basic, basic_altar, hellmonk_ecumenical_altar_run_dry
D:3:      layout_loops_cross, nicolae_overflow_quartered_altars, serial_glass,
          glass_columns_a, glass_columns_b, minmay_unequal, uniq_terence
D:4:      layout_basic, kennysheep_vampire_church, temple_pool_b,
          nicolae_ossuary_entry_monument, kennysheep_generic_room_5,
          uniq_menkaure

Skill      XL: |  1  2  3  4  5  6 |
---------------+-------------------+-----
Armour         | 4 5 |  5.4
Shields        | 4 5 |  5.0
Fighting       | 4 |  4.7
Long Blades    | 3 4 5 |  5.2

Action                   |  1- 3 |  4- 6 || total
-------------------------+-------+-------++-------
Melee: Long sword        |    77 |    83 ||   160
       Headbutt          |    11 |    16 ||    27
  Use: Potion            |       |     3 ||     3
Armor: Scale mail        |    32 |    39 ||    71
Dodge: Dodged            |    28 |    31 ||    59
Block: Kite shield       |    39 |    39 ||    78
       Rpst.: Long sword |     6 |     9 ||    15

Table legend: (Time is in decaauts)
 A = Elapsed time spent in this place.
 B = Non-inter-level travel time spent in this place.
 C = Inter-level travel time spent in this place.
 D = Time resting spent in this place.
 E = Time spent auto-exploring this place.
 F = Levels seen in this place.
 G = Mean time per level.
                   A        B        C        D        E       F      G
               +--------+--------+--------+--------+--------+-----+--------+
         Total |   3584 |   3509 |     75 |    505 |   2493 |   4 |  896.0 |
       Dungeon |   3584 |   3509 |     75 |    505 |   2493 |   4 |  896.0 |
               +--------+--------+--------+--------+--------+-----+--------+

Top non-repeatable levels by time:
     D:1: 1312 daAuts
     D:3: 1205 daAuts
     D:2: 1024 daAuts
     D:4: 42 daAuts
